 Dungeon Crawl Stone Soup version 0.29-a0-362-g5854e031c7 (webtiles) character file.

Game seed: 3858222247250846766

7727 spiderkeys the Thaumaturge (level 11, -10/86 HPs)
             Began as a Mummy Abyssal Knight on Apr 30, 2022.
             Was a High Priest of Lugonu.
             Killed from afar by an orc (14 damage)
             ... with a bolt of acid
             ... on level 9 of the Dungeon.
             The game lasted 00:19:03 (8752 turns).

spiderkeys the Thaumaturge (Mummy Abyssal Knight)   Turns: 8752, Time: 00:19:04

Health: -10/86     AC:  3    Str: 17    XL:     11   Next: 0%
Magic:  3/23       EV: 14    Int: 13    God:    Lugonu [*****.]
Gold:   325        SH:  0    Dex: 13    Spells: 22/27 levels left

rFire   x . .      SeeInvis .   k - +5 halberd (freeze)
rCold   + + .      Faith    .   (shield currently unavailable)
rNeg    + + +      Spirit   .   c - +1 troll leather armour
rPois   ∞          Reflect  .   V - +1 helmet
rElec   .          Harm     .   (no cloak)
rCorr   +          Rampage  .   (no gloves)
Will    +....                   (no boots)
Stlth   +.........              A - amulet of the acrobat
HPRegen 1.04/turn               C - ring of protection from cold
MPRegen 0.18/turn               R - ring of resist corrosion

@: corroded, very slightly contaminated, studying Poison Magic
A: cold resistance 1, negative energy resistance 3, torment resistance 2, heat
vulnerability 1, in touch with death 1, no potions
a: Renounce Religion, Depart the Abyss, Bend Space, Banish, Corrupt, Enter the
Abyss


You were on level 9 of the Dungeon.
You worshipped Lugonu.
Lugonu was extremely pleased with you.
You visited 1 branch of the dungeon, and saw 9 of its levels.
You visited the Abyss 1 time.
You also visited: Ossuary.

You collected 325 gold pieces.


Innate Abilities, Weirdness & Mutations

You are immune to poison.
Your flesh is cold resistant. (rC+)
You are immune to negative energy. (rN+++)
You are immune to unholy pain and torment.
You are vulnerable to heat. (rF-)
You are in touch with the powers of death.
You do not drink.


   Skills:
 + Level 8.0 Fighting
 + Level 6.4 Polearms
 - Level 1.5 Armour
 + Level 6.2 Dodging
 - Level 8.6 Spellcasting
 + Level 3.8 Necromancy
 + Level 7.0 Invocations


You had 22 spell levels left.
You knew the following spells:

 Your Spells              Type           Power      Damage    Failure   Level
a - Animate Skeleton      Necr           46%        N/A       3%          1
f - Foxfire               Conj/Fire      20%        2x1d5     16%         1
v - Vampiric Draining     Necr           23%        2d7       10%         3

Your spell library contained the following spells:

 Spells                   Type           Power      Damage    Failure   Level
 Pain                     Necr           92%        1d8       3%          1
 Call Canine Familiar     Summ           5%         N/A       43%         3
 Conjure Flame            Conj/Fire      5%         6-21      43%         3
 Dazzling Flash           Conj/Hex       10%        N/A       43%         3
 Ignite Poison            Fire/Tmut/Pois 5%         N/A       43%         3
 Inner Flame              Hex/Fire       5%         N/A       43%         3
 Stone Arrow              Conj/Erth      10%        3d7       43%         3
 Flame Wave               Conj/Fire      5%         2d5       83%         4
 Iskenderun's Mystic Bla  Conj/Tloc      5%         2d3       83%         4
 Sticky Flame             Conj/Fire      5%         2d3       83%         4
 Starburst                Conj/Fire      2%         6d3       100%        6

Inventory:

Hand Weapons
 a - a +2 vampiric trident
   (You found it on level 2 of the Dungeon)
 b - a +1 hunting sling of freezing
   (You found it on level 4 of the Dungeon)
 i - a +0 trident
   (You found it on level 1 of the Dungeon)
 j - a +1 spear
 k - a +5 halberd of freezing (weapon)
   (You took it off a wight on level 7 of the Dungeon)
 t - the +5 mace of Modesty {venom, Str+4 Stlth+}
   (You found it on level 4 of the Dungeon)

   It poisons the flesh of those it strikes.
   Str:       It affects your strength (+4).
   Stlth:     It makes you more stealthy.
 O - a +4 trident
   (You took it off a wight on level 7 of the Dungeon)
Missiles
 d - 340 stones
 m - 12 poisoned darts
Armour
 c - a +1 troll leather armour (worn)
   (You found it on level 1 of the Dungeon)
 e - a +0 robe
   (You took it off a wight on level 7 of the Dungeon)
 g - a +0 robe
   (You took it off a wight on level 7 of the Dungeon)
 h - a +0 robe
   (You took it off a wight on level 7 of the Dungeon)
 l - a +0 robe
   (You found it on level 7 of the Dungeon)
 n - a +0 robe
   (You took it off Pikel on level 6 of the Dungeon)
 q - a +0 robe
   (You took it off an orc wizard on level 8 of the Dungeon)
 r - a +0 leather armour
   (You took it off an orc on level 8 of the Dungeon)
 s - a +0 robe
   (You took it off a gnoll shaman on level 5 of the Dungeon)
 u - a +0 leather armour
   (You took it off an orc wizard on level 8 of the Dungeon)
 v - a +0 robe
   (You found it on level 8 of the Dungeon)
 w - a +0 robe
   (You found it on level 8 of the Dungeon)
 y - a +0 robe
   (You took it off an orc wizard on level 6 of the Dungeon)
 B - the +1 robe of the Stag {Str+3}
   (You found it on level 6 of the Dungeon)

   Str:       It affects your strength (+3).
 D - a +0 ring mail
   (You took it off an orc on level 6 of the Dungeon)
 E - a +0 leather armour
   (You took it off an orc on level 6 of the Dungeon)
 F - a +0 plate armour
   (You took it off an orc warrior on level 6 of the Dungeon)
 I - a +0 robe
   (You found it on level 6 of the Dungeon)
 J - a +0 robe
   (You took it off an orc wizard on level 7 of the Dungeon)
 K - a +0 robe
   (You took it off an orc on level 7 of the Dungeon)
 L - a +0 robe
   (You found it on level 8 of the Dungeon)
 M - a +0 robe
   (You took it off a wight on level 7 of the Dungeon)
 N - a +0 robe
   (You took it off a wight on level 7 of the Dungeon)
 P - a +0 robe
   (You took it off a wight on level 7 of the Dungeon)
 Q - a +0 robe
   (You took it off a wight on level 7 of the Dungeon)
 S - a +0 robe
   (You took it off a wight on level 7 of the Dungeon)
 U - a +0 leather armour
   (You took it off an orc on level 7 of the Dungeon)
 V - a +1 helmet (worn)
   (You found it on level 7 of the Dungeon)
 W - a +0 leather armour
   (You found it on level 8 of the Dungeon)
 X - a +3 leather armour of positive energy
   (You found it on level 8 of the Dungeon)
 Z - a +0 chain mail
   (You took it off an orc warrior on level 9 of the Dungeon)
Magical Staves
 Y - a staff of poison {!a}
   (You found it on level 8 of the Dungeon)
Jewellery
 A - an amulet of the acrobat (around neck)
   (You found it on level 8 of the Dungeon)
 C - a ring of protection from cold (left hand)
   (You found it on level 2 of the Dungeon)
 G - an amulet of guardian spirit
   (You found it on level 4 of the Dungeon)
 R - a ring of resist corrosion (right hand)
   (You found it on level 2 of the Dungeon)
 T - an amulet of faith {!P}
   (You found it on level 3 of the Dungeon)
Scrolls
 f - 5 scrolls of identify {@r1}
 o - 2 scrolls of amnesia
 p - a scroll of fog
 x - a scroll of fear
 z - a scroll of teleportation {@r4}
 H - a scroll of magic mapping {!r}

Dungeon Overview and Level Annotations

Branches:
Dungeon (9/15)             Temple (0/1) D:4            Lair (0/6) D:8
Ossuary (visited)
    Orc: D:9-12

Altars:
Ashenzari
Elyvilon
Fedhas
Hepliaklqana
Kikubaaqudgha
Makhleb
Qazlal
Trog
Wu Jian
Xom
The Shining One

Shops:
D:6

[ ... ..# ..
##.# #..#
##.# #o.#
#)#.......
##@#.......
#..#.......
##.###......
#))# ......
#).## #.....
#.<.# #...#
##..# ##..#
..#


You could see an orc.


Message History

You take 8 damage, and now have 15/80 hp.
You lost 3 mp, and now have 16/22 mp.
Casting: Vampiric Draining (dangerous; 10% risk of failure)
Confirm with . or Enter, or press ? or * to list all spells.
Aiming: Vampiric Draining (dangerous; 10% risk of failure)
Press: ? - help, Shift-Dir - straight line, f/p - orc warrior
Aim: an orc warrior, wielding a +0 war axe and wearing a +0 chain mail (severely wounded)
You feel a surge of power!
You draw life force from the orc warrior!
You feel life coursing into your body.
The orc warrior hits you with a +0 war axe!
* * * LOW HITPOINT WARNING * * *
😱 HP[-2] MP[-3]
You take 2 damage, and now have 13/80 hp.
You lost 3 mp, and now have 13/22 mp.
Casting: Vampiric Draining (dangerous; 10% risk of failure)
Confirm with . or Enter, or press ? or * to list all spells.
Aiming: Vampiric Draining (dangerous; 10% risk of failure)
Press: ? - help, Shift-Dir - straight line, f/p - orc warrior
Aim: an orc warrior, wielding a +0 war axe and wearing a +0 chain mail (almost dead)
You feel a surge of power!
You draw life force from the orc warrior!
You kill the orc warrior!
Lugonu accepts your kill.
The orc priest looks encouraged for a moment.
The orc throws a boomerang.
The boomerang hits you.
* * * LOW HITPOINT WARNING * * *
Your Invocations skill increases to level 7!
You have reached level 11! 😱 HP[+1] MP[-3]
You now have 86 max hp (+6).
You lost 3 mp, and now have 10/23 mp.
Reach: k) +5 halberd (freeze)
Press: ? - help, Dir - move target, f - orc priest
Aim: an orc priest, wielding a +0 hand axe (about 35% to evade your +5 halberd of freezing)
You reach to attack!
You closely miss the orc priest.
The orc priest barely misses you. 😱 HP[+1] MP[+1]
Casting: Vampiric Draining (dangerous; 10% risk of failure)
Confirm with . or Enter, or press ? or * to list all spells.
Aiming: Vampiric Draining (dangerous; 10% risk of failure)
Press: ? - help, Shift-Dir - straight line, f/p - orc priest
Aim: an orc priest, wielding a +0 hand axe You feel a surge of power!
You miscast Vampiric Draining.
You are very lightly contaminated with residual magic.
Nothing appears to happen.
The orc priest hits you but does no damage. 😱 HP[+1] MP[-3]
You lost 3 mp, and now have 8/23 mp.
Casting: Vampiric Draining (dangerous; 10% risk of failure)
Confirm with . or Enter, or press ? or * to list all spells.
Aiming: Vampiric Draining (dangerous; 10% risk of failure)
Press: ? - help, Shift-Dir - straight line, f/p - orc priest
Aim: an orc priest, wielding a +0 hand axe You feel a surge of power!
You draw life force from the orc priest.
You feel life coursing into your body.
The orc priest hits you but does no damage. 😱 HP[+4] MP[-3]
You regained 4 hp, and now have 20/86 hp.
You lost 3 mp, and now have 5/23 mp.
Casting: Vampiric Draining (dangerous; 10% risk of failure)
Confirm with . or Enter, or press ? or * to list all spells.
Aiming: Vampiric Draining (dangerous; 10% risk of failure)
Press: ? - help, Shift-Dir - straight line, f/p - orc priest
Aim: an orc priest, wielding a +0 hand axe (heavily wounded)
You feel a surge of power!
You miscast Vampiric Draining.
Nothing appears to happen.
The orc priest barely misses you. 😱 HP[+1] MP[-3]
You lost 3 mp, and now have 2/23 mp.
Casting: Vampiric Draining (dangerous; 10% risk of failure)
Confirm with . or Enter, or press ? or * to list all spells.
You don't have enough magic to cast this spell.
You barely miss the orc priest.
The orc priest hits you but does no damage. 😨 HP[+1]
You barely miss the orc priest.
The orc priest hits you with a +0 hand axe.
* * * LOW HITPOINT WARNING * * *
😱 HP[-3]
You take 3 damage, and now have 19/86 hp.
You hit the orc priest. You freeze the orc priest.
The orc priest casts a cantrip, but nothing happens. 😱 HP[+1] MP[+1]
You closely miss the orc priest.
The orc priest hits you with a +0 hand axe.
* * * LOW HITPOINT WARNING * * *
😱 HP[-3]
You take 3 damage, and now have 17/86 hp.
You puncture the orc priest! You freeze the orc priest.
You kill the orc priest!
Lugonu accepts your kill.
The orc zaps a wand.
The bolt of acid hits you! You resist.
* * * LOW HITPOINT WARNING * * *
The acid corrodes you!
The orc zaps a wand.
The bolt of acid hits you! You resist.
You die...

Skill      XL: |  1  2  3  4  5  6  7  8  9 10 |
---------------+-------------------------------+-----
Dodging        | 1 2 3 4 5 6 |  6.2
Spellcasting   | 1 2 3 4 6 7 8 |  8.6
Invocations    | 2 3 4 5 6 7 |  7.0
Polearms       | 2 3 4 5 6 |  6.4
Fighting       | 4 5 6 7 8 |  8.0
Necromancy     | 1 3 |  3.8
Armour         | |  1.5

Action                   |  1- 3 |  4- 6 |  7- 9 | 10-12 || total
-------------------------+-------+-------+-------+-------++-------
Melee: Spear             |    62 |       |       |       ||    62
       Trident           |    60 |   181 |   284 |       ||   525
       Halberd           |       |       |    88 |   280 ||   368
 Fire: Hunting sling     |       |     9 |    22 |     1 ||    32
Throw: Dart              |       |       |    16 |       ||    16
       Stone             |       |       |       |     1 ||     1
 Cast: Foxfire           |       |       |     1 |       ||     1
       Vampiric Draining |       |       |       |     5 ||     5
Invok: Bend Space        |       |     2 |     9 |    26 ||    37
       Banish            |       |       |     2 |     2 ||     4
Evoke: Wand              |       |       |     3 |       ||     3
  Use: Scroll            |       |     6 |     3 |     2 ||    11
 Stab: Sleeping          |     1 |       |       |       ||     1
Armor: Troll leather arm |    28 |    53 |   105 |   165 ||   351
       Leather armour    |     2 |       |       |       ||     2
Dodge: Dodged            |    64 |   105 |   222 |   380 ||   771

Levels and vault maps discovered:
D:1:      eino_arrival_tree_alley, layout_basic, st_stairs_11
D:2:      layout_loops_ring, ebering_ecumenical_altar_sacrificial,
          chequers_serial_rivers_micro_e
D:3:      layout_basic, mainiacjoe_overflow_big_doors, lexackson_kobold_supper
D:4:      layout_loops_ring, minmay_temple_entry_glass, kennysheep_boxes
D:5:      layout_loops_cross, nzn_wu_jian_contemplation,
          mainiacjoe_overflow_surrounded_room, minmay_manual_mess
D:6:      layout_basic, mainiacjoe_overflow_chevrons, serial_shops, shop,
          minmay_misc_feat_diagonals, minivault_26, minmay_misc_feat_rows
D:7:      layout_basic, uniq_pikel, uniq_prince_ribbit1
D:8:      due_megacathedral, layout_basic, general_overflow_altar,
          mainiacjoe_overflow_small_starburst, chequers_ossuary_entry_cave
D:9:      layout_cave_pods, dancing_weapons_uskayaw, trog_ov_bears_minmay,
          serial_column_ruins, column_ruins_open_small, column_ruins_grid_3,
          column_ruins_grid_1, column_ruins_open_tiny, uniq_erolcha

Notes
Turn   | Place    | Note
-------+----------+-------------------------------------------
     0 | Abyss:1  | spiderkeys the Mummy Abyssal Knight began the quest for the
                  | Orb.
     0 | Abyss:1  | Reached XP level 1. HP: 18/18 MP: 2/2
     0 | Abyss:1  | magus.rc [v1.11.3]
    11 | D:1      | You pass through the gate.
    11 | D:1      | Escaped the Abyss
   210 | D:1      | Reached skill level 1 in Dodging
   235 | D:1      | Reached XP level 2. HP: 24/24 MP: 3/3
   366 | D:1      | Reached skill level 1 in Spellcasting
   767 | D:2      | Gained mutation: You are in touch with the powers of death.
                  | [Mummy growth]
   767 | D:2      | Reached XP level 3. HP: 29/29 MP: 4/4
   768 | D:2      | Reached skill level 2 in Invocations
   843 | D:2      | You pick up a book of Spectacle and begin reading...
   843 | D:2      | You add the spells Dazzling Flash, Iskenderun's Mystic
                  | Blast and Starburst to your library.
   948 | D:2      | Reached *** piety under Lugonu
   949 | D:2      | Reached skill level 2 in Polearms
  1048 | D:2      | Found a faded altar of an unknown god.
  1412 | D:3      | Reached XP level 4. HP: 35/35 MP: 6/6
  1414 | D:3      | Reached skill level 2 in Spellcasting
  1656 | D:3      | Found a hazy altar of Hepliaklqana.
  1872 | D:3      | Reached XP level 5. HP: 41/42 MP: 8/8
  1884 | D:3      | HP: 10/42 [gnoll/+0 spear (7)]
  2019 | D:3      | Reached skill level 2 in Dodging
  2118 | D:3      | Found a broken altar of Ashenzari.
  2643 | D:4      | Found a staircase to the Ecumenical Temple.
  2661 | D:4      | Reached skill level 4 in Fighting
  2661 | D:4      | Reached XP level 6. HP: 44/48 MP: 10/10
  2820 | D:4      | Reached skill level 3 in Spellcasting
  2820 | D:4      | Reached skill level 3 in Invocations
  3076 | D:4      | Identified the +5 mace of Modesty {venom, Str+4 Stlth+}
  3239 | D:5      | Entered Level 5 of the Dungeon
  3415 | D:5      | Reached skill level 3 in Polearms
  3507 | D:5      | Reached **** piety under Lugonu
  3508 | D:5      | Reached XP level 7. HP: 44/55 MP: 8/12
  3666 | D:5      | Found a stormy altar of Qazlal.
  3760 | D:5      | Reached skill level 3 in Dodging
  3769 | D:5      | Reached skill level 4 in Spellcasting
  3848 | D:5      | Found an ornate altar of the Wu Jian Council.
  4066 | D:5      | Noticed a yak
  4068 | D:5      | Banished a yak
  4069 | D:5      | Reached skill level 5 in Fighting
  4069 | D:5      | Reached skill level 4 in Invocations
  4069 | D:5      | Reached XP level 8. HP: 62/62 MP: 9/15
  4347 | D:6      | Reached skill level 5 in Spellcasting
  4499 | D:6      | Reached skill level 4 in Polearms
  4555 | D:6      | Found Qejayp's Antique Armour Emporium.
  4616 | D:6      | Identified the +1 robe of the Stag {Str+3}
  4780 | D:6      | You add the spells Conjure Flame, Ignite Poison and Sticky
                  | Flame to your library.
  4808 | D:6      | You pick up a book of Flames and begin reading...
  4808 | D:6      | You add the spells Foxfire, Inner Flame and Flame Wave to
                  | your library.
  4811 | D:6      | Learned a level 1 spell: Foxfire
  5186 | D:6      | Reached skill level 4 in Dodging
  5593 | D:7      | Noticed Prince Ribbit
  5655 | D:7      | Killed Prince Ribbit
  5656 | D:7      | Reached skill level 6 in Fighting
  5656 | D:7      | Reached skill level 6 in Spellcasting
  5656 | D:7      | Reached skill level 5 in Invocations
  5656 | D:7      | Reached XP level 9. HP: 60/69 MP: 4/18
  6294 | D:7      | Reached skill level 5 in Polearms
  6467 | D:7      | Noticed Pikel
  6489 | D:6      | Killed Pikel
  6490 | D:6      | Reached skill level 5 in Dodging
  6490 | D:6      | Reached skill level 7 in Spellcasting
  6582 | D:7      | You pick up a book of Necromancy and begin reading...
  6582 | D:7      | You add the spells Pain, Animate Skeleton and Vampiric
                  | Draining to your library.
  6585 | D:7      | Learned a level 1 spell: Animate Skeleton
  6905 | D:8      | Found a sand-covered staircase.
  6913 | Ossuary  | Entered an ossuary
  6973 | Ossuary  | Reached skill level 7 in Fighting
  6973 | Ossuary  | Reached skill level 1 in Necromancy
  7051 | Ossuary  | Reached skill level 6 in Invocations
  7073 | Ossuary  | Reached XP level 10. HP: 75/79 MP: 17/21
  7149 | Ossuary  | Reached ***** piety under Lugonu
  7368 | D:8      | Found a runed translucent door.
  7374 | D:8      | Found a bloodstained altar of Trog.
  7400 | D:8      | Reached skill level 2 in Necromancy
  7403 | D:8      | Noticed a two-headed ogre
  7405 | D:8      | HP: 19/79 [two-headed ogre/+0 giant club (23)]
  7606 | D:8      | Found a burning altar of Makhleb.
  7670 | D:8      | Found a staircase to the Lair.
  8086 | D:8      | Reached skill level 8 in Spellcasting
  8102 | D:8      | Reached skill level 6 in Polearms
  8150 | D:8      | Reached skill level 3 in Necromancy
  8175 | D:8      | Found a shimmering altar of Xom.
  8262 | D:8      | Found an ancient bone altar of Kikubaaqudgha.
  8287 | D:8      | Banished a two-headed ogre
  8288 | D:8      | Reached skill level 6 in Dodging
  8377 | D:8      | Found a blossoming altar of Fedhas.
  8394 | D:8      | Found an ancient bone altar of Kikubaaqudgha.
  8402 | D:8      | Noticed a flayed ghost
  8513 | D:8      | Killed a flayed ghost
  8514 | D:8      | Reached skill level 8 in Fighting
  8623 | D:8      | You add the spells Stone Arrow and Call Canine Familiar to
                  | your library.
  8623 | D:8      | Got Ziddue Enosch's Foundations of Wizardry
  8634 | D:8      | Learned a level 3 spell: Vampiric Draining
  8741 | D:9      | HP: 15/80 [orc warrior/+0 war axe (13)]
  8744 | D:9      | Reached skill level 7 in Invocations
  8744 | D:9      | Reached XP level 11. HP: 14/86 MP: 10/23
  8749 | D:9      | HP: 19/86 [orc priest/+0 hand axe (5)]
  8752 | D:9      | HP: 4/86 [orc/bolt of acid (14)]
  8752 | D:9      | Killed from afar by an orc

Vanquished Creatures
  A flayed ghost (D:8)
  Pikel (D:6)
  Prince Ribbit (D:7)
  4 wraiths (D:8)
  A shadow (D:8)
  A wyvern (D:8)
  8 fire bats (D:8)
  A steam dragon (D:7)
  3 orc warriors
  3 black bears
  An ice beast (D:7)
  2 sky beasts
  2 ogres
  3 bullfrogs (D:7)
  10 scorpions
  3 necrophages
  8 wights (D:7)
  A howler monkey (D:5)
  4 centaur zombies (Ossuary)
  A gnoll shaman (D:5)
  6 orc priests
  4 hounds
  2 human zombies (Ossuary)
  4 jellies
  3 iguanas
  6 orc wizards
  4 scorpion zombies (Ossuary)
  3 mummies (Ossuary)
  4 gnolls
  7 adders
  2 shadow imps (D:5)
  An ufetubus (D:7)
  2 dart slugs
  18 orcs
  7 ball pythons
  4 endoplasms
  7 giant cockroaches
  3 gnoll zombies (Ossuary)
  6 goblins
  6 hobgoblins
  4 jackals
  10 kobolds
  3 quokkas
  60 bats
  3 frilled lizards
  9 goblin zombies (Ossuary)
  2 hobgoblin zombies (Ossuary)
  A kobold zombie (Ossuary)
  8 rats
258 creatures vanquished.

Vanquished Creatures (others)
  An orc wizard (D:6)
  A foxfire (D:6)
  3 plants (D:3)
5 creatures vanquished.

Grand Total: 263 creatures vanquished

Table legend:
 A = Non-vault XP
 B = Vault XP
 C = Vault XP percentage of total XP
 D = Non-vault monster count
 E = Vault monster count
 F = Vault count percentage of total count
                 A         B        C        D         E       F
            +---------+---------+-------+---------+---------+-------
      Total |    6963 |    4116 |  37.2 |     204 |      57 |  21.8
            +---------+---------+-------+---------+---------+-------
        D:1 |      28 |       5 |  15.2 |      18 |       3 |  14.3
        D:2 |      74 |       0 |   0.0 |      21 |       0 |   0.0
        D:3 |     231 |      10 |   4.1 |      17 |       8 |  32.0
        D:4 |     115 |       0 |   0.0 |      11 |       0 |   0.0
        D:5 |     911 |     253 |  21.7 |      19 |       2 |   9.5
        D:6 |     670 |     617 |  47.9 |      16 |       1 |   5.9
        D:7 |    1527 |     283 |  15.6 |      23 |       1 |   4.2
        D:8 |    3056 |    1782 |  36.8 |      74 |       6 |   7.5
        D:9 |     351 |       0 |   0.0 |       5 |       0 |   0.0
    Ossuary |       0 |    1166 | 100.0 |       0 |      36 | 100.0
            +---------+---------+-------+---------+---------+-------

Illustrated notes

Table legend:
 A = Kills in this place as a percentage of kills in entire the game.
 B = Kills by you in this place as a percentage of kills by you in the entire game.
 C = Kills by friends in this place as a percentage of kills by friends in the entire game.
 D = Other kills in this place as a percentage of other kills in the entire game.
 E = Experience gained in this place as a percentage of experience gained in the entire game.
 F = Experience gained in this place divided by the number of levels of this place that you have seen.
                   A       B       C       D       E      F
               +-------+-------+-------+-------+-------+----------------------
         Total | 100.0 | 100.0 |   N/A | 100.0 | 100.0 | 1007.2
       Dungeon |  86.2 |  86.0 |   N/A | 100.0 |  89.5 | 1101.4
       Ossuary |  13.8 |  14.0 |   N/A |   0.0 |  10.5 | 1166.0
               +-------+-------+-------+-------+-------+----------------------

Table legend: (Time is in decaauts)
 A = Elapsed time spent in this place.
 B = Non-inter-level travel time spent in this place.
 C = Inter-level travel time spent in this place.
 D = Time resting spent in this place.
 E = Time spent auto-exploring this place.
 F = Levels seen in this place.
 G = Mean time per level.
                   A        B        C        D        E       F      G
               +--------+--------+--------+--------+--------+-----+--------+
         Total |   8996 |   8666 |    330 |    311 |   5976 |  11 |  817.8 |
       Dungeon |   8632 |   8302 |    330 |    311 |   5827 |   9 |  959.1 |
         Abyss |     11 |     11 |      0 |      0 |      2 |   1 |   11.0 |
       Ossuary |    353 |    353 |      0 |      0 |    147 |   1 |  353.0 |
               +--------+--------+--------+--------+--------+-----+--------+

Top non-repeatable levels by time:
     D:8: 1674 daAuts
     D:7: 1267 daAuts
     D:6: 1156 daAuts
     D:5: 1124 daAuts
     D:3: 965 daAuts
     D:4: 919 daAuts
     D:2: 754 daAuts
     D:1: 701 daAuts
 Ossuary: 353 daAuts
     D:9: 68 daAuts
 Abyss:1: 11 daAuts
